 Dungeon Crawl Stone Soup version 0.28-a0-258-g8de209e91f (webtiles) character file.

Game seed: 14499284398988270902

200 graki42 the Ruffian (level 5, -4/41 HPs)
             Began as a Demigod Transmuter on Aug 26, 2021.
             Killed by divine providence
             ... invoked by an orc priest
              (12 damage)
             ... on level 3 of the Dungeon.
             The game lasted 00:05:42 (2998 turns).

graki42 the Ruffian (Demigod Transmuter)            Turns: 2998, Time: 00:05:43

Health: -4/41      AC:  2    Str: 15    XL:     5   Next: 24%
Magic:  9/11       EV: 12    Int: 15    God:
Gold:   88         SH:  0    Dex: 14    Spells: 3/9 levels left

rFire   . . .      SeeInvis .     - Unarmed
rCold   + . .      Faith    .   (no shield)
rNeg    . . .      Spirit   .   a - +0 robe
rPois   .          Reflect  .   (no helmet)
rElec   .          Harm     .   (no cloak)
rCorr   .          Rampage  .   (no gloves)
Will    .....                   (no boots)
Stlth   +.........              (no amulet)
HPRegen 0.13/turn               c - ring of protection from cold
MPRegen 0.12/turn               (no ring)

@: wereblooded
A: high mp 1, forlorn
a: no special abilities


You were on level 3 of the Dungeon.
You visited 1 branch of the dungeon, and saw 3 of its levels.

You collected 88 gold pieces.

Inventory:

Armour
 a - a +0 robe (worn)
Jewellery
 c - a ring of protection from cold (left hand)
Wands
 g - a wand of digging (2)
 h - a wand of polymorph (8)
Scrolls
 b - 3 scrolls of identify {unknown}
 d - a scroll of fog {unknown}
Potions
 e - a potion of flight {unknown}
 f - 3 potions of curing {unknown}
 i - a potion of haste {unknown}


   Skills:
 + Level 2.2 Fighting
 + Level 2.7 Dodging
 + Level 3.5 Unarmed Combat
 + Level 2.6 Spellcasting
 + Level 2.7 Transmutations


You had 3 spell levels left.
You knew the following spells:

 Your Spells              Type           Power      Damage    Failure   Level
a - Beastly Appendage     Tmut           20%        N/A       7%          1
b - Wereblood             Tmut           10%        N/A       10%         2
c - Spider Form           Tmut/Pois      3%         N/A       34%         3

Your spell library contained the following spells:

 Spells                   Type           Power      Damage    Failure   Level
 Ice Form                 Ice/Tmut       6%         N/A       75%         4


Dungeon Overview and Level Annotations

Branches:
Dungeon (3/15)


Innate Abilities, Weirdness & Mutations

Your attributes grow dramatically as you level up.
You have an increased reservoir of magic. (+10% MP)
You shall have no god before yourself.


Message History

* * * LOW HITPOINT WARNING * * *
You hit the orc. You claw the orc, but do no damage.
The orc is severely wounded.
The orc hits you with a +0 club.
* * * LOW HITPOINT WARNING * * *
Unknown command.
You completely miss the orc. Your kick misses the orc.
The orc is severely wounded.
A goblin comes into view. It is wielding a +0 club.
The orc misses you.
You completely miss the orc.
The goblin shouts!
You claw the orc, but do no damage.
The orc is severely wounded.
The orc misses you.
You closely miss the orc. You claw the orc, but do no damage.
The orc is severely wounded.
The orc closely misses you.
You hit the orc but do no damage. You claw the orc.
The orc is almost dead.
The orc priest looks encouraged for a moment.
The orc closely misses you.
You closely miss the orc. You claw the orc.
You feel a bit better.
You kill the orc!
You hit the endoplasm. You claw the endoplasm.
You feel a bit better.
You kill the endoplasm!
Found 9 gold pieces.
You howl as the wereblood boils in your veins!
Your horns disappear.
Your talons disappear.
The orc priest closely misses you.
Items here: )))) ? [[ †††.
You hit the orc priest.
The orc priest is moderately wounded.
The orc priest hits you with a +0 club.
* * * LOW HITPOINT WARNING * * *
You hit the orc priest. You punch the orc priest.
The orc priest is severely wounded.
The orc priest mumbles some strange prayers to Beogh against you.
Beogh smites you!
You die...

...#.######
..........###
....<........
...÷#####.### ...## #.#
..## #.# ≈ #.#######.##
≈≈≈
...........########.≈≈≈≈
..#######..##...@og..≈≈≈
)..## #..##.####...≈≈≈
....# ##...#.# ≈≈≈≈≈
...#####......## ≈≈≈≈
....<..........# ≈≈≈
..##.#####.###.# $.
#.##.# ### ..# # #.##.#
...# ...... .....


You could see an orc priest and a goblin.

Vanquished Creatures
  A scorpion (D:2)
  Natasha (thrice) (D:2)
  3 worms (D:2)
  2 dart slugs
  7 orcs (D:3)
  2 bats (D:1)
  7 endoplasms
  3 giant cockroaches
  4 goblins
  4 hobgoblins
  4 kobolds
  A quokka (D:2)
  5 ball pythons
  3 frilled lizards (D:2)
  3 rats
52 creatures vanquished.

Notes
Turn   | Place    | Note
-------+----------+-------------------------------------------
     0 | D:1      | graki42 the Demigod Transmuter began the quest for the Orb.
     0 | D:1      | Reached XP level 1. HP: 15/15 MP: 5/5
    74 | D:1      | Reached skill level 1 in Fighting
   436 | D:1      | Reached XP level 2. HP: 15/23 MP: 5/7
  1276 | D:1      | You fall into a shaft and drop 1 floor!
  1320 | D:2      | Noticed a scorpion
  1329 | D:2      | Killed a scorpion
  1330 | D:2      | Reached skill level 3 in Unarmed Combat
  1330 | D:2      | Reached XP level 3. HP: 12/29 MP: 7/9
  1359 | D:2      | Learned a level 2 spell: Wereblood
  1363 | D:2      | Learned a level 3 spell: Spider Form
  1589 | D:2      | Noticed Natasha
  1597 | D:2      | Killed Natasha
  1598 | D:2      | Reached XP level 4. HP: 20/36 MP: 7/10
  2187 | D:2      | Noticed Natasha
  2197 | D:2      | Killed Natasha
  2611 | D:2      | Noticed Natasha
  2617 | D:2      | Killed Natasha
  2618 | D:2      | Reached XP level 5. HP: 41/41 MP: 9/11
  2998 | D:3      | Killed from afar by an orc priest

Illustrated notes

Levels and vault maps discovered:
D:1:      nzn_arrival_crosshair, layout_loops_corners
D:2:      layout_basic, serial_co_window_serial, co_window_corner_a,
          co_window_paths_a, co_window_corner_a, co_window_corner_a,
          co_window_paths_a, co_window_paths_c, co_window_paths_c,
          co_window_unsneaky_path_d, co_window_corner_ca, co_window_cross_2,
          co_window_sun, glass_columns_a, glass_columns_b, glass_columns_a,
          glass_columns_c, glass_columns_a, basic_altar, uniq_natasha
D:3:      layout_loops_ring, nicolae_ru_sacrificial_ziggurat,
          chequers_ecumenical_altar_island, uniq_jessica

Skill      XL: |  1  2  3  4 |
---------------+-------------+-----
Fighting       | 1 2 |  2.2
Transmutations | 2 |  2.7
Dodging        | 2 |  2.7
Spellcasting   | 2 |  2.6
Unarmed Combat | 3 |  3.5

Action                   |  1- 3 |  4- 6 || total
-------------------------+-------+-------++-------
Melee: Unarmed           |    64 |    81 ||   145
       Headbutt          |    16 |    10 ||    26
       Kick              |    12 |    27 ||    39
       Punch             |       |     1 ||     1
 Cast: Beastly Appendage |    17 |    23 ||    40
       Wereblood         |     1 |     2 ||     3
 Stab: Sleeping          |     1 |     3 ||     4
Armor: Robe              |    10 |     1 ||    11
Dodge: Dodged            |    34 |    37 ||    71

Table legend: (Time is in decaauts)
 A = Elapsed time spent in this place.
 B = Non-inter-level travel time spent in this place.
 C = Inter-level travel time spent in this place.
 D = Time resting spent in this place.
 E = Time spent auto-exploring this place.
 F = Levels seen in this place.
 G = Mean time per level.
                   A        B        C        D        E       F      G
               +--------+--------+--------+--------+--------+-----+--------+
         Total |   3006 |   2991 |     15 |     29 |   2574 |   3 | 1002.0 |
       Dungeon |   3006 |   2991 |     15 |     29 |   2574 |   3 | 1002.0 |
               +--------+--------+--------+--------+--------+-----+--------+

Top non-repeatable levels by time:
     D:2: 1451 daAuts
     D:1: 1272 daAuts
     D:3: 281 daAuts
